 Dungeon Crawl Stone Soup version 0.25-b1-37-g2669288c55 (webtiles) character file.

Game seed: 17368703100966350788

23 Descartes the Grasshopper (level 2, -1/13 HPs)
             Began as a Felid Warper on June 5, 2020.
             Slain by an adder (2 damage)
             ... on level 2 of the Dungeon.
             The game lasted 00:04:04 (1781 turns).

Descartes the Grasshopper (Felid Warper)            Turns: 1781, Time: 00:04:05

Health: -1/13      AC:  1    Str:  7    XL:     2   Next: 75%
Magic:  5/6        EV: 18    Int: 14    God:
Gold:   114        SH:  0    Dex: 15    Spells: 1/5 levels left
                                        Lives:  0   Deaths: 0

rFire    . . .     SeeInvis +     - Unarmed
rCold    . . .     Gourm    .   (shield unavailable)
rNeg     . . .     Faith    .   (armour unavailable)
rPois    .         Spirit   .   (helmet unavailable)
rElec    .         Reflect  .   (cloak unavailable)
rCorr    .         Harm     .   (gloves unavailable)
MR       .....                  (boots unavailable)
Stlth    ++........             (no amulet)
HPRegen  0.04/turn              (no ring)
MPRegen  0.10/turn              (no ring)

@: lethally poisoned (-1 -> -10), quick
A: very small, no armour, no weapons or thrown items, stealth, claws 1, fangs 3,
see invisible, carnivore, speed 1, shaggy fur 1, slow metabolism 1, sharp paws
a: no special abilities


You were on level 2 of the Dungeon.
You were not hungry.

You visited 1 branch of the dungeon, and saw 2 of its levels.

You collected 114 gold pieces.

Inventory:

Missiles
 d - 27 stones
 j - 42 arrows
Jewellery
 k - a cursed -4 ring of dexterity {unknown}
Scrolls
 a - a scroll of identify {unknown}
 b - 2 scrolls of blinking
 f - 2 scrolls of teleportation {unknown}
Potions
 e - a potion of stabbing {unknown}
 g - 5 potions of curing {unknown}
 h - a potion of mutation {unknown}
 i - a potion of resistance {unknown}
 l - a potion of flight {unknown}
Comestibles
 c - a ration


   Skills:
 - Level 2.0 Fighting
 - Level 3.3 Dodging
 * Level 2.2 Stealth
 * Level 2.6 Unarmed Combat
 + Level 2.0 Spellcasting
 + Level 0.0 Charms
 + Level 4.5 Translocations


You had one spell level left.
You knew the following spells:

 Your Spells              Type           Power        Failure   Level  Hunger
a - Blink                 Tloc           N/A          5%          2    ###....
b - Shroud of Golubria    Chrm/Tloc      #.....       14%         2    ###....

Your spell library contained the following spells:

 Spells                   Type           Power        Failure   Level  Hunger
 Gell's Gravitas          Tloc           ##........   11%         3    ####...
 Lesser Beckoning         Tloc           ##........   11%         3    ####...
 Teleport Other           Tloc           ##......     11%         3    ####...
 Passage of Golubria      Tloc           N/A          36%         4    #####..


Dungeon Overview and Level Annotations

Branches:
Dungeon (2/15)

Altars:


Innate Abilities, Weirdness & Mutations

You cannot wear armour.
You are incapable of wielding weapons or throwing items.
Your paws allow you to move quietly. (Stealth)
You have sharp claws.
You have razor-sharp teeth.
You have supernaturally acute eyesight. (SInv)
You are carnivorous and can eat meat at any time.
You cover ground quickly.
You are covered in fur. (AC +1)
You have a slow metabolism.
Your sharp claws are effective at attacking unaware monsters.


Message History

The adder barely misses you. The adder bites you.
You are lethally poisoned!
The adder poisons you!
Your shroud falls apart!
You barely miss the adder.
The adder is severely wounded.
You feel sick. The adder misses you.
You scratch the adder.
The adder is severely wounded.
The adder bites you.
* * * LOW HITPOINT WARNING * * *
You barely miss the adder.
The adder is severely wounded.
* * * LOW HITPOINT WARNING * * *
You feel sick. The adder misses you.
You barely miss the adder.
The adder is severely wounded.
* * * LOW HITPOINT WARNING * * *
You feel sick. The adder bites you.
You die...

⌠...###...⌠ ......... ....>....
#=....# ##.⌠.## ###.....###
###....>....### #.............#
.#.# +.⌠...###.@S⌠.+ .#.#
#...#######...###.# .(.#
##.##.#...##.##.#.# #.# ...#
#..#...........#.# #.# ...#
#..###.#######.#.# #.# ...#
##.............#.# # #.#
...##########...#..#..#.#.# #.#
.....................[#.#.###.#
..############..............#.#


You could see an adder.

Vanquished Creatures
  A dart slug (D:1)
  2 leopard geckos (D:1)
  A ball python (D:1)
  A goblin (D:1)
  A hobgoblin (D:1)
  2 jackals (D:1)
  4 kobolds
  A quokka (D:2)
  A bat (D:1)
  3 frilled lizards
  3 rats
20 creatures vanquished.

Notes
Turn   | Place    | Note
-------+----------+-------------------------------------------
     0 | D:1      | Descartes the Felid Warper began the quest for the Orb.
     0 | D:1      | Reached XP level 1. HP: 9/9 MP: 4/4
   110 | D:1      | Reached skill level 1 in Stealth
   343 | D:1      | Reached XP level 2. HP: 12/13 MP: 6/6
   540 | D:1      | Learned a level 2 spell: Blink
   543 | D:1      | Learned a level 2 spell: Shroud of Golubria
  1781 | D:2      | Slain by an adder

Illustrated notes

Levels and vault maps discovered:
D:1:      psy_arrival_conway, layout_basic, minmay_stone_trees_medium
D:2:      layout_basic, first_ration, grunt_ministairs_13, tgw_trog

Skill      XL: |  1  2 |
---------------+-------+-----
Stealth        | 1 2 |  2.2
Fighting       | |  2.0
Dodging        | |  3.3
Unarmed Combat | |  2.6
Spellcasting   | |  2.0
Translocations | |  4.5

Action                   || total
-------------------------++-------
Melee: Unarmed           ||    76
       Bite              ||     3
 Cast: Shroud of Golubri ||     1
 Stab: Sleeping          ||     4
  Eat: Chunk             ||     4
Armor: Skin              ||     6
Dodge: Dodged            ||    74
